TOP OF THE 1ST |
Lowell Spinners batting - Pitching for Vermont Lake Monsters : RHP Xavier Davis
|
Pitching: RHP Xavier Davis
|
|
Batting: SHB Steve Slaughter
|
0-0: Ball 1-0: Swinging Strike 1-1: Ball 2-1: Swinging Strike 2-2: Fly out, F8 (Flyball, 8LD, EV 106.9 MPH)
|
Batting: RHB Antonio Martinez
|
0-0: Ball 1-0: Fly out, F9 (Flyball, 9D, EV 105.0 MPH)
|
Batting: RHB Cameron Goudy
|
0-0: Ground out 5-3 (Groundball, 56S, EV 105.0 MPH)
|
Top of the 1st over - 0 runs, 0 hits, 0 errors, 0 left on base; Lowell 0 - Vermont 0 |
BOTTOM OF THE 1ST |
Vermont Lake Monsters batting - Pitching for Lowell Spinners : RHP Juliano Capela
|
Pitching: RHP Juliano Capela
|
|
Batting: RHB Sergio Celis
|
0-0: Swinging Strike 0-1: Ball 1-1: Ball 2-1: Called Strike 2-2: Strikes out swinging
|
Batting: RHB Sam Bowes
|
0-0: Foul Ball, location: 9LSF 0-1: Called Strike 0-2: SINGLE (Groundball, 56D, EV 94.4 MPH)
|
Batting: RHB Gabe Garcia
|
0-0: Called Strike 0-1: Called Strike Sam Bowes steals 2nd base 0-2: DOUBLE (Line Drive, 9LS, EV 103.8 MPH) Sam Bowes scores
|
Batting: LHB Aldo Bardi
|
0-0: Called Strike 0-1: Ball 1-1: Foul Ball, location: 7LSF 1-2: Ball 2-2: Ball 3-2: Strikes out looking
|
Batting: RHB Dan Gates
|
0-0: Called Strike 0-1: Hit by Pitch
|
Batting: LHB Warren Curtis
|
0-0: Ball 1-0: Foul Ball, location: 5DF 1-1: Foul Ball, location: 7LMF 1-2: Strikes out looking
|
Bottom of the 1st over - 1 run, 2 hits, 0 errors, 2 left on base; Lowell 0 - Vermont 1 |
TOP OF THE 2ND |
Lowell Spinners batting - Pitching for Vermont Lake Monsters : RHP Xavier Davis
|
Batting: RHB Bill Ledbetter
|
0-0: Ball 1-0: Ball 2-0: Ball 3-0: Called Strike 3-1: Foul Ball, location: 9LSF 3-2: Base on Balls
|
Batting: LHB Jasper Pitlock
|
0-0: Foul Ball, location: 25F 0-1: Ball 1-1: Ball 2-1: Foul Ball, location: 9LSF 2-2: Ball 3-2: DOUBLE (Line Drive, 89D, EV 105.6 MPH) Bill Ledbetter to third
|
Batting: SHB Nate Findlay
|
0-0: Ball 1-0: Ball 2-0: Ball 3-0: Called Strike 3-1: SINGLE (Line Drive, 78S, EV 105.6 MPH) Bill Ledbetter scores Jasper Pitlock to third
|
Batting: LHB Steve McReynolds
|
0-0: Called Strike 0-1: Ball 1-1: Called Strike 1-2: Foul Ball, location: 7LMF 1-2: Fly out, F7 (Flyball, 78S, EV 90.6 MPH)
|
Batting: RHB John Ure
|
0-0: Swinging Strike 0-1: Called Strike 0-2: Ball Wild Pitch! Jasper Pitlock scores Nate Findlay to second 1-2: Ball 2-2: Strikes out looking
|
Batting: SHB Ethan Sandy
|
0-0: Ball 1-0: Called Strike 1-1: Ball 2-1: Swinging Strike 2-2: Ground out U3 (Groundball, 3L, EV 106.9 MPH)
|
Top of the 2nd over - 2 runs, 2 hits, 0 errors, 1 left on base; Lowell 2 - Vermont 1 |
BOTTOM OF THE 2ND |
Vermont Lake Monsters batting - Pitching for Lowell Spinners : RHP Juliano Capela
|
Batting: RHB Nelson Isidro
|
0-0: Reached on error, E4 (Groundball, 4D, EV 96.3 MPH)
|
Batting: LHB Tommy Rancourt
|
0-0: Foul Ball, location: 2F 0-1: Hit by Pitch Nelson Isidro to second
|
Batting: RHB Jose Rodriguez
|
0-0: Ball 1-0: Sac Bunt to 2R - play at first, batter OUT! 2-4 Nelson Isidro to third Tommy Rancourt to second
|
Batting: RHB Sergio Celis
|
0-0: Fly out, F5 (Popup, 56, EV 65.0 MPH)
|
Batting: RHB Sam Bowes
|
0-0: Ball 1-0: Called Strike 1-1: Foul Ball, location: 9LDF 1-2: Ball 2-2: Foul Ball, location: 9LSF 2-2: Foul Ball, location: 3DF 2-2: Foul Ball, location: 2F 2-2: Fly out, F9 (Flyball, 89S, EV 88.1 MPH)
|
Bottom of the 2nd over - 0 runs, 0 hits, 1 error, 2 left on base; Lowell 2 - Vermont 1 |
TOP OF THE 3RD |
Lowell Spinners batting - Pitching for Vermont Lake Monsters : RHP Xavier Davis
|
Batting: SHB Steve Slaughter
|
0-0: Fly out, F6 (Line Drive, 6M, EV 68.8 MPH)
|
Batting: RHB Antonio Martinez
|
0-0: Called Strike 0-1: Ground out 3-1 (Groundball, 34, EV 81.3 MPH)
|
Batting: RHB Cameron Goudy
|
0-0: Called Strike 0-1: Called Strike 0-2: Fly out, F7 (Line Drive, 7S, EV 90.6 MPH)
|
Top of the 3rd over - 0 runs, 0 hits, 0 errors, 0 left on base; Lowell 2 - Vermont 1 |
BOTTOM OF THE 3RD |
Vermont Lake Monsters batting - Pitching for Lowell Spinners : RHP Juliano Capela
|
Batting: RHB Gabe Garcia
|
0-0: Ball 1-0: SOLO HOME RUN (Flyball, 7LD, EV 89.4 MPH), Distance : 339 ft
|
Batting: LHB Aldo Bardi
|
0-0: SINGLE (Line Drive, 4MD, EV 103.1 MPH)
|
Batting: RHB Dan Gates
|
0-0: Called Strike 0-1: SINGLE (Line Drive, 89M, EV 105.0 MPH) Aldo Bardi to second
|
Batting: LHB Warren Curtis
|
0-0: Fly out, F8 (Flyball, 78S, EV 91.9 MPH)
|
Batting: RHB Nelson Isidro
|
0-0: Ball 1-0: Called Strike 1-1: Foul Ball, location: 3SF 1-2: Ball 2-2: Ball 3-2: Fly out, F8 (Flyball, 8RM, EV 98.8 MPH)
|
Batting: LHB Tommy Rancourt
|
0-0: Called Strike 0-1: Foul Ball, location: 2F 0-2: Ball 1-2: Ball 2-2: SINGLE (Groundball, 6MD, EV 102.5 MPH) Aldo Bardi to third Dan Gates to second Runner from 3rd tries for Home, SAFE, throw by CF to home Dan Gates to third Tommy Rancourt to second
|
Batting: RHB Jose Rodriguez
|
0-0: Ball 1-0: Foul Ball, location: 9LSF 1-1: Swinging Strike 1-2: Fly out, F8 (Flyball, 8RS, EV 91.9 MPH)
|
Bottom of the 3rd over - 2 runs, 4 hits, 0 errors, 2 left on base; Lowell 2 - Vermont 3 |
TOP OF THE 4TH |
Lowell Spinners batting - Pitching for Vermont Lake Monsters : RHP Xavier Davis
|
Batting: RHB Bill Ledbetter
|
0-0: Ball 1-0: Ball 2-0: Called Strike 2-1: Ball 3-1: Swinging Strike 3-2: Foul Ball, location: 23F 3-2: Base on Balls
|
Batting: LHB Jasper Pitlock
|
0-0: Foul Ball, location: 2F 0-1: SINGLE (Groundball, 4S, EV 66.9 MPH) (infield hit) Bill Ledbetter to second
|
Batting: SHB Nate Findlay
|
0-0: TRIPLE (Line Drive, 78XD, EV 97.5 MPH) Bill Ledbetter scores Jasper Pitlock scores
|
Batting: LHB Steve McReynolds
|
0-0: Ball 1-0: Foul Ball, location: 7LDF 1-1: Called Strike 1-2: Ball 2-2: Fly out, F8 (Flyball, 89M, EV 90.0 MPH) Runner from 3rd tags up, SCORES, no throw by CF
|
Pitching: RHP Pat Beil
|
|
Batting: RHB John Ure
|
0-0: Swinging Strike 0-1: Foul Ball, location: 2F 0-2: Strikes out swinging
|
Batting: SHB Ethan Sandy
|
0-0: SINGLE (Line Drive, 8RS, EV 98.1 MPH)
|
Batting: SHB Steve Slaughter
|
0-0: Ball 1-0: Foul Ball, location: 3F 1-1: DOUBLE (Flyball, 9LD, EV 103.8 MPH) Ethan Sandy to third
|
Batting: RHB Antonio Martinez
|
0-0: Ball 1-0: Called Strike 1-1: Fly out, F8 (Flyball, 89M, EV 96.9 MPH)
|
Top of the 4th over - 3 runs, 4 hits, 0 errors, 2 left on base; Lowell 5 - Vermont 3 |
BOTTOM OF THE 4TH |
Vermont Lake Monsters batting - Pitching for Lowell Spinners : RHP Juliano Capela
|
Batting: RHB Sergio Celis
|
0-0: Called Strike 0-1: Fly out, F4 (Popup, 4S, EV 81.3 MPH)
|
Batting: RHB Sam Bowes
|
0-0: DOUBLE (Line Drive, 9LS, EV 91.9 MPH)
|
Batting: RHB Gabe Garcia
|
0-0: Ball 1-0: Called Strike 1-1: Ball 2-1: Foul Ball, location: 23F 2-2: Strikes out swinging
|
Batting: LHB Aldo Bardi
|
0-0: Ground out 1-3 (Groundball, 13S, EV 75.6 MPH)
|
Bottom of the 4th over - 0 runs, 1 hit, 0 errors, 1 left on base; Lowell 5 - Vermont 3 |
TOP OF THE 5TH |
Lowell Spinners batting - Pitching for Vermont Lake Monsters : RHP Pat Beil
|
Batting: RHB Cameron Goudy
|
0-0: Ball 1-0: Called Strike 1-1: Ground out 4-3 (Groundball, 4M, EV 89.4 MPH)
|
Batting: RHB Bill Ledbetter
|
0-0: DOUBLE (Line Drive, 9LS, EV 93.1 MPH)
|
Batting: LHB Jasper Pitlock
|
0-0: Ball 1-0: Ground out 4-3 (Groundball, 4M, EV 81.3 MPH)
|
Batting: SHB Nate Findlay
|
0-0: Ball 1-0: Called Strike 1-1: Called Strike 1-2: Ball 2-2: Foul Ball, location: 7LSF 2-2: Foul Ball, location: 3F 2-2: Ground out 4-3 (Groundball, 13, EV 80.0 MPH)
|
Top of the 5th over - 0 runs, 1 hit, 0 errors, 1 left on base; Lowell 5 - Vermont 3 |
BOTTOM OF THE 5TH |
Vermont Lake Monsters batting - Pitching for Lowell Spinners : RHP Juliano Capela
|
Batting: RHB Dan Gates
|
0-0: Ball 1-0: Called Strike 1-1: Ball 2-1: Swinging Strike 2-2: Foul Ball, location: 2F 2-2: Strikes out swinging
|
Batting: LHB Warren Curtis
|
0-0: Foul Ball, location: 7LSF 0-1: Foul Ball, location: 2F 0-2: Ball 1-2: Foul Ball, location: 23FF 1-2: Ball 2-2: Foul Ball, location: 5F 2-2: Fly out, F3 (Line Drive, 3, EV 63.8 MPH)
|
Batting: RHB Nelson Isidro
|
0-0: Ball 1-0: Ball 2-0: Foul Ball, location: 23F 2-1: Ball 3-1: Called Strike 3-2: Foul Ball, location: 2F 3-2: Foul Ball, location: 5FF 3-2: Base on Balls
|
Pitching: RHP Guy Tate
|
|
Batting: LHB Tommy Rancourt
|
0-0: Ball 1-0: Swinging Strike 1-1: Ball 2-1: Swinging Strike 2-2: SINGLE (Line Drive, 8RS, EV 106.3 MPH) Nelson Isidro to second
|
Batting: RHB Jose Rodriguez
|
0-0: Ball 1-0: Ball 2-0: Ball 3-0: Base on Balls Nelson Isidro to third Tommy Rancourt to second
|
Pinch Hitting: RHB John Burkett
|
0-0: Ball 1-0: SINGLE (Flyball, 89S, EV 86.9 MPH) Nelson Isidro scores Tommy Rancourt to third Jose Rodriguez to second Runner from 3rd tries for Home, throw by CF and OUT! 8-2
|
Bottom of the 5th over - 1 run, 2 hits, 0 errors, 2 left on base; Lowell 5 - Vermont 4 |
TOP OF THE 6TH |
Lowell Spinners batting - Pitching for Vermont Lake Monsters : RHP Pat Beil
|
Now in CF: Dan Ihnat
|
|
Batting: LHB Steve McReynolds
|
0-0: Ball 1-0: SINGLE (Groundball, 15, EV 93.1 MPH) (infield hit)
|
Batting: RHB John Ure
|
0-0: Ball 1-0: Foul Ball, location: 2F 1-1: Foul Ball, location: 5FF 1-2: Strikes out swinging
|
Batting: SHB Ethan Sandy
|
0-0: Ball 1-0: Foul Ball, location: 2F 1-1: Foul Ball, location: 2F 1-2: Ball 2-2: Foul Ball, location: 9LMFF 2-2: Grounds into double play, 4-6-3 (Groundball, 4, EV 87.5 MPH)
|
Top of the 6th over - 0 runs, 1 hit, 0 errors, 0 left on base; Lowell 5 - Vermont 4 |
BOTTOM OF THE 6TH |
Vermont Lake Monsters batting - Pitching for Lowell Spinners : RHP Guy Tate
|
Batting: RHB Sam Bowes
|
0-0: Fly out, F8 (Flyball, 8LXD, EV 102.5 MPH)
|
Batting: RHB Gabe Garcia
|
0-0: Ball 1-0: SINGLE (Line Drive, 78M, EV 96.9 MPH)
|
Batting: LHB Aldo Bardi
|
0-0: Swinging Strike 0-1: Ground out 4-3 (Groundball, 34D, EV 108.1 MPH) Gabe Garcia to second
|
Batting: RHB Dan Gates
|
0-0: Swinging Strike 0-1: Hit by Pitch
|
Pinch Hitting: RHB Takao Wilson
|
0-0: Ball 1-0: Ball 2-0: Ground out U3 (Groundball, 34, EV 84.4 MPH)
|
Bottom of the 6th over - 0 runs, 1 hit, 0 errors, 2 left on base; Lowell 5 - Vermont 4 |
TOP OF THE 7TH |
Lowell Spinners batting - Pitching for Vermont Lake Monsters : RHP Pat Beil
|
Pitching: RHP Kevin Hopkins
|
|
Now in RF: Takao Wilson
|
|
Batting: SHB Steve Slaughter
|
0-0: Ball 1-0: Ball 2-0: Called Strike 2-1: Ground out 4-3 (Groundball, 34D, EV 78.8 MPH)
|
Batting: RHB Antonio Martinez
|
0-0: Ground out 4-3 (Groundball, 4S, EV 85.0 MPH)
|
Batting: RHB Cameron Goudy
|
0-0: Called Strike 0-1: Ground out 5-3 (Groundball, 5, EV 108.1 MPH)
|
Top of the 7th over - 0 runs, 0 hits, 0 errors, 0 left on base; Lowell 5 - Vermont 4 |
BOTTOM OF THE 7TH |
Vermont Lake Monsters batting - Pitching for Lowell Spinners : RHP Guy Tate
|
Batting: RHB Nelson Isidro
|
0-0: Foul Ball, location: 9LDF 0-1: Ball 1-1: Foul Ball, location: 9LMF 1-2: Ball 2-2: Ground out 3-1 (Groundball, 34, EV 105.6 MPH)
|
Batting: LHB Tommy Rancourt
|
0-0: Ball 1-0: Ball 2-0: Ball 3-0: Called Strike 3-1: Fly out, F8 (Line Drive, 8RS, EV 91.3 MPH)
|
Batting: RHB Jose Rodriguez
|
0-0: Called Strike 0-1: Ball 1-1: DOUBLE (Line Drive, 9LS, EV 104.4 MPH)
|
Pitching: LHP Tyler Ropson
|
|
Batting: LHB Dan Ihnat
|
0-0: Ball 1-0: Ball 2-0: Swinging Strike 2-1: Foul Ball, location: 25F 2-2: Strikes out swinging
|
Bottom of the 7th over - 0 runs, 1 hit, 0 errors, 1 left on base; Lowell 5 - Vermont 4 |
TOP OF THE 8TH |
Lowell Spinners batting - Pitching for Vermont Lake Monsters : RHP Kevin Hopkins
|
Batting: RHB Bill Ledbetter
|
0-0: Ball 1-0: Called Strike 1-1: Foul Ball, location: 3F 1-2: Strikes out looking
|
Batting: LHB Jasper Pitlock
|
0-0: Ground out 4-3 (Groundball, 4, EV 83.1 MPH)
|
Batting: SHB Nate Findlay
|
0-0: Called Strike 0-1: Ball 1-1: Ball 2-1: Ball 3-1: Called Strike 3-2: Strikes out swinging
|
Top of the 8th over - 0 runs, 0 hits, 0 errors, 0 left on base; Lowell 5 - Vermont 4 |
BOTTOM OF THE 8TH |
Vermont Lake Monsters batting - Pitching for Lowell Spinners : LHP Tyler Ropson
|
Pitching: RHP Alexis Cordova
|
|
Batting: RHB Sam Bowes
|
0-0: Called Strike 0-1: Swinging Strike 0-2: Strikes out swinging
|
Batting: RHB Gabe Garcia
|
0-0: Foul Ball, location: 25F 0-1: Swinging Strike 0-2: Strikes out looking
|
Batting: LHB Aldo Bardi
|
0-0: Ground out 4-3 (Groundball, 34D, EV 90.0 MPH)
|
Bottom of the 8th over - 0 runs, 0 hits, 0 errors, 0 left on base; Lowell 5 - Vermont 4 |
TOP OF THE 9TH |
Lowell Spinners batting - Pitching for Vermont Lake Monsters : RHP Kevin Hopkins
|
Batting: LHB Steve McReynolds
|
0-0: SOLO HOME RUN (Flyball, 9LD, EV 92.5 MPH), Distance : 345 ft
|
Batting: RHB John Ure
|
0-0: Ball 1-0: Ball 2-0: Ball 3-0: Base on Balls
|
Batting: SHB Ethan Sandy
|
0-0: Fly out, F8 (Flyball, 89M, EV 76.3 MPH)
|
Batting: SHB Steve Slaughter
|
0-0: Ball 1-0: Swinging Strike 1-1: SINGLE (Groundball, 3D, EV 96.3 MPH) John Ure to second
|
Batting: RHB Antonio Martinez
|
0-0: Ball 1-0: DOUBLE (Line Drive, 89D, EV 102.5 MPH) John Ure scores Steve Slaughter to third
|
Batting: RHB Cameron Goudy
|
0-0: Ground out 5-3 (Groundball, 56, EV 98.8 MPH) Steve Slaughter scores
|
Pitching: RHP Alex Dezesus
|
|
Batting: RHB Bill Ledbetter
|
0-0: Ball 1-0: Foul Ball, location: 9LMF 1-1: Ball 2-1: Foul Ball, location: 2F 2-2: Ball 3-2: Base on Balls
|
Batting: LHB Jasper Pitlock
|
0-0: Fly out, F7 (Flyball, 78S, EV 90.6 MPH)
|
Top of the 9th over - 3 runs, 3 hits, 0 errors, 2 left on base; Lowell 8 - Vermont 4 |
BOTTOM OF THE 9TH |
Vermont Lake Monsters batting - Pitching for Lowell Spinners : RHP Alexis Cordova
|
Batting: RHB Dan Gates
|
0-0: Ball 1-0: Called Strike 1-1: Called Strike 1-2: Ball 2-2: Foul Ball, location: 9LDF 2-2: Ball 3-2: Foul Ball, location: 2RF 3-2: Strikes out looking
|
Batting: RHB Takao Wilson
|
0-0: Called Strike 0-1: Ball 1-1: Foul Ball, location: 3F 1-2: Ground out 6-3 (Groundball, 6, EV 84.4 MPH)
|
Batting: RHB Nelson Isidro
|
0-0: Ball 1-0: Ground out 6-3 (Groundball, 6, EV 102.5 MPH)
|
Bottom of the 9th over - 0 runs, 0 hits, 0 errors, 0 left on base; Lowell 8 - Vermont 4 |
|